 Dungeon Crawl Stone Soup version 0.17.0-23-g0de4337 (console) character file.

30 gw the Cudgeler (level 3, 33/33 HPs)
             Began as a Minotaur Berserker on Nov 13, 2015.
             Was a Follower of Trog.
             Starved to death
             ... on level 1 of the Dungeon.
             The game lasted 00:02:31 (1394 turns).

gw the Cudgeler (Minotaur Berserker)                Turns: 1394, Time: 00:02:32

Health: 33/33      AC:  6    Str: 21    XL:     3   Next: 5%
Magic:  2/2        EV: 11    Int:  4    God:    Trog [*.....]
Gold:   68         SH:  0    Dex: 10    Spells: 0 memorised, 2 levels left

rFire  + . .     SeeInvis .     a - +0 mace
rCold  . . .     Clarity  .     i - +0 ring mail
rNeg   . . .     SustAt   .     (no shield)
rPois  .         Gourm    .     (helmet restricted)
rElec  .         Spirit   .     (no cloak)
rCorr  .         Warding  .     (no gloves)
rMut   .         Rnd*Tele +     j - +0 pair of boots
MR     .....                    (no amulet)
Stlth  ..........               b - ring of protection from fire
                                d - ring of teleportation (curse)

@: fainting, not resistant to hostile enchantments, extremely unstealthy
A: retaliatory headbutt, horns 2
a: Berserk, Burn Spellbooks, Renounce Religion, Evoke Teleportation


You were on level 1 of the Dungeon.
You worshipped Trog.
Trog was aware of your devotion.
You were fainting.

You visited 1 branch of the dungeon, and saw 1 of its levels.

You collected 68 gold pieces.

Inventory:

Hand Weapons
 a - a +0 mace (weapon)
Armour
 i - a +0 ring mail (worn)
 j - a +0 pair of boots (worn)
Jewellery
 b - a ring of protection from fire (right hand)
 d - a cursed ring of teleportation (left hand)
Scrolls
 g - a scroll of fear {unknown}
Potions
 f - a potion of heal wounds {unknown}
Comestibles
 c - a bread ration
 h - a meat ration


   Skills:
 + Level 4.0 Fighting
 * Level 4.0 Maces & Flails
 + Level 1.2 Throwing
 + Level 3.0 Armour
 - Level 2.1 Dodging


You had 2 spell levels left.
You didn't know any spells.

Dungeon Overview and Level Annotations

Branches:
Dungeon (1/15)

Altars:


Innate Abilities, Weirdness & Mutations

You reflexively headbutt those who attack you in melee.
You have a pair of horns on your head.


Message History

Attempting RANGED ATTACK TO (-4,-1); ATTACKING (-1,0)
You swing at nothing.
The rat bites the plant but does no damage.
The rat bites the plant.
Attempting RANGED ATTACK TO (-4,-1); ATTACKING (-1,0)
You swing at nothing.
The rat bites the plant but does no damage.
Attempting RANGED ATTACK TO (-4,-1); ATTACKING (-1,0)
You swing at nothing.
The rat bites the plant but does no damage.
Attempting RANGED ATTACK TO (-4,-1); ATTACKING (-1,0)
You swing at nothing.
The rat bites the plant but does no damage.
Attempting RANGED ATTACK TO (-4,-1); ATTACKING (-1,0)
You swing at nothing.
The rat bites the plant but does no damage.
Attempting RANGED ATTACK TO (-4,-1); ATTACKING (-1,0)
You swing at nothing.
You have starved to death.
You die...
PP.PP.PPP.PP.PP#

#.#
P.PP.PP.PP.PP.P###.#
P.P.PP.P.PP.P.P....###
P#.## #.# .# #.### #.#
.# #.## #.# .# #..#
#.#


You could see a rat.

Table legend:
 A = Turns spent in this place as a percentage of turns spent in the entire game.
 B = Non-inter-level travel turns spent in this place as a percentage of non-inter-level travel turns spent in the entire game.
 C = Inter-level travel turns spent in this place as a percentage of turns spent in this place.
 D = Turns resting spent in this place as a percentage of non-inter-level travel turns spent in this place.
 E = Turns spent auto-exploring this place as a percentage of non-inter-level travel turns spent in this place.
 F = Non-inter-level travel turns spent in this place divided by the number of levels of this place that you've seen.
                   A       B       C       D       E      F
               +-------+-------+-------+-------+-------+----------------------
         Total | 100.0 | 100.0 |   0.0 |   0.5 |   1.1 | 3482.0
       Dungeon | 100.0 | 100.0 |   0.0 |   0.5 |   1.1 | 3482.0
               +-------+-------+-------+-------+-------+----------------------

Table legend:
 A = Kills in this place as a percentage of kills in entire the game.
 B = Kills by you in this place as a percentage of kills by you in the entire game.
 C = Kills by friends in this place as a percentage of kills by friends in the entire game.
 D = Other kills in this place as a percentage of other kills in the entire game.
 E = Experience gained in this place as a percentage of experience gained in the entire game.
 F = Experience gained in this place divided by the number of levels of this place that you have seen.
                   A       B       C       D       E      F
               +-------+-------+-------+-------+-------+----------------------
         Total | 100.0 | 100.0 |  -nan |  -nan | 100.0 |  44.0
       Dungeon | 100.0 | 100.0 |  -nan |  -nan | 100.0 |  44.0
               +-------+-------+-------+-------+-------+----------------------

Vanquished Creatures
  A gnoll (D:1)
  A giant cockroach (D:1)
  6 goblins (D:1)
  5 hobgoblins (D:1)
  3 kobolds (D:1)
  A bat (D:1)
  A giant newt (D:1)
  3 rats (D:1)
21 creatures vanquished.

Notes
Turn   | Place    | Note
--------------------------------------------------------------
     0 | D:1      | gw the Minotaur Berserker began the quest for the Orb.
     0 | D:1      | Reached XP level 1. HP: 19/19 MP: 0/0
   234 | D:1      | Reached XP level 2. HP: 27/27 MP: 1/1
   406 | D:1      | Reached skill level 1 in Throwing
   577 | D:1      | Reached ** piety under Trog
   577 | D:1      | Reached skill level 4 in Maces & Flails
   649 | D:1      | Reached XP level 3. HP: 33/33 MP: 2/2
  1394 | D:1      | Starved to death

Action                   || total
-------------------------++-------
Melee: Mace              ||    41
Throw: Stone             ||    54

Vault maps used:
D:1:      roderic_crop_circles_arrival_small, glass_columns_b
